 Dungeon Crawl Stone Soup version 0.25-a0-571-gb5e01bddfa (webtiles) character file.

Game seed: 2543280984621403867, levelgen mode: deterministic

27 Gargoyl the Skirmisher (level 2, -2/27 HPs)
             Began as a Centaur Abyssal Knight on Feb 29, 2020.
             Was a Follower of Lugonu.
             Killed from afar by a white imp (4 damage)
             ... with a puff of frost
             ... on level 1 of the Abyss.
             The game lasted 00:00:16 (157 turns).

Gargoyl the Skirmisher (Centaur Abyssal Knight)      Turns: 157, Time: 00:00:17

Health: -2/27      AC:  4    Str: 14    XL:     2   Next: 93%
Magic:  3/3        EV:  9    Int: 11    God:    Lugonu [*.....]
Gold:   18         SH:  0    Dex:  8    Spells: 1/1 levels left

rFire    . . .     SeeInvis .   a - +1 hand axe
rCold    . . .     Gourm    .   (no shield)
rNeg     . . .     Faith    .   b - +0 leather armour
rPois    .         Spirit   .   (no helmet)
rElec    .         Reflect  .   (no cloak)
rCorr    .         Harm     .   (no gloves)
MR       .....                  (no barding)
Stlth    ..........             (no amulet)
HPRegen  0.09/turn              (no ring)
MPRegen  0.08/turn              (no ring)

@: mighty, very quick
A: large, hooves 3, deformed body, speed 2, tough skin 3
a: Depart the Abyss, Renounce Religion


You were on level 1 of the Abyss.
You worshipped Lugonu.
Lugonu was aware of your devotion.
You were not hungry.

You visited 0 branches of the dungeon, and saw 0 of its levels.
You visited the Abyss 1 time.

You collected 18 gold pieces.

Inventory:

Hand Weapons
 a - a +1 hand axe (weapon)
Armour
 b - a +0 leather armour (worn)
Potions
 d - 2 potions of stabbing {unknown}
Comestibles
 c - a ration


   Skills:
 + Level 3.7 Fighting
 + Level 2.0 Axes
 + Level 1.6 Armour
 + Level 0.6 Dodging
 + Level 2.2 Invocations


You had one spell level left.
You didn't know any spells.
Your spell library was empty.

Dungeon Overview and Level Annotations

Branches:
Dungeon (0/15)

Altars:


Innate Abilities, Weirdness & Mutations

You have hooves in place of feet.
Armour fits poorly on your strangely shaped body.
You cover ground very quickly.
You have extremely tough skin. (AC +3)


Message History

d - 2 inky potions A small abomination is cast out of reality.
You closely miss the small abomination.
The small abomination completely misses you.
You closely miss the small abomination. You kick the small abomination!
The small abomination is moderately damaged.
The small abomination hits you!!
Ouch! That really hurt!
* * * LOW HITPOINT WARNING * * *
You slash the small abomination!
The small abomination is heavily damaged.
A white imp comes into view.
The small abomination closely misses you.
You slash the small abomination! You kick the small abomination.
The small abomination is almost destroyed.
The small abomination hits you.
* * * LOW HITPOINT WARNING * * *
The white imp gestures at you. The puff of frost hits you.
You die...

.. ..# ..## #..
### .# . #..##
..#.### .
#5.#....... . #
# #.#@....# #.#
#####x#....# .
..#.#..#.##..#
.##.....#....###
...#..#. ....#
......##.#.#..#
..## .####..###
#..... # .##
..#..#..# ##


You could see a small abomination and a white imp.

Vanquished Creatures
  An iron imp (Abyss:1)
1 creature vanquished.

Notes
Turn   | Place    | Note
-------+----------+-------------------------------------------
     0 | Abyss:1  | Gargoyl the Centaur Abyssal Knight began the quest for the
                  | Orb.
     0 | Abyss:1  | Reached XP level 1. HP: 19/19 MP: 2/2
    80 | Abyss:1  | Found a corrupted altar of Lugonu.
    84 | Abyss:1  | Found a basalt altar of Yredelemnul.
   101 | Abyss:1  | Noticed an iron imp
   106 | Abyss:1  | Killed an iron imp
   106 | Abyss:1  | Reached XP level 2. HP: 27/27 MP: 3/3
   153 | Abyss:1  | Noticed a small abomination
   157 | Abyss:1  | Killed from afar by a white imp

Levels and vault maps discovered:
Abyss:1:  evilmike_abyss_exit_10, onia_ninara_dug_in_and_dangerous

Skill      XL: |  1 |
---------------+----+-----
Axes           | 2 |  2.0
Fighting       | |  3.7
Armour         | |  1.6
Dodging        | |  0.6
Invocations    | |  2.2

Action                   || total
-------------------------++-------
Melee: Hand axe          ||     5
       Kick              ||     3
  Use: Potion            ||     1
Dodge: Dodged            ||     2

Table legend:
 A = Non-vault XP
 B = Vault XP
 C = Vault XP percentage of total XP
 D = Non-vault monster count
 E = Vault monster count
 F = Vault count percentage of total count
                 A         B        C        D         E       F
            +---------+---------+-------+---------+---------+-------
      Total |      39 |       0 |   0.0 |       1 |       0 |   0.0
            +---------+---------+-------+---------+---------+-------
    Abyss:1 |      39 |       0 |   0.0 |       1 |       0 |   0.0
            +---------+---------+-------+---------+---------+-------
